 Dungeon Crawl Stone Soup version 0.17.1-3-g152610e (webtiles) character file.

1463 manyhoops the Basher (level 8, 0/138 HPs)
             Began as an Ogre Berserker on Apr 7, 2016.
             Was a Priest of Trog.
             Splashed by a jelly's acid (2 damage)
             ... on level 6 of the Dungeon.
             The game lasted 00:14:02 (4735 turns).

manyhoops the Basher (Ogre Berserker)               Turns: 4735, Time: 00:14:03

Health: 0/138      AC:  8    Str: 25    XL:     8   Next: 77%
Magic:  8/8        EV:  1    Int:  6    God:    Trog [***...]
Gold:   268        SH:  0    Dex:  9    Spells: 0 memorised, 7 levels left

rFire  . . .     SeeInvis .     a - +0 mace
rCold  . . .     Clarity  .     (armour currently unavailable)
rNeg   + + +     SustAt   .     (no shield)
rPois  +         Gourm    +     (helmet currently unavailable)
rElec  .         Spirit   .     (cloak currently unavailable)
rCorr  .         Warding  .     (gloves unavailable)
rMut   .         NoTele   +     (boots unavailable)
MR     ++...                    r - amulet of the gourmand
Stlth  +.........               (no ring)
                                s - +1 ring of slaying

@: exhausted, tree-form, corroded equipment, regenerating, slowed, very slow,
very resistant to hostile enchantments, very unstealthy
A: unfitting armour, (tough skin 0)
a: Berserk, Trog's Hand, Burn Spellbooks, Renounce Religion


You were on level 6 of the Dungeon.
You worshipped Trog.
Trog was most pleased with you.
You were full.
You were a tree.
You visited 1 branch of the dungeon, and saw 6 of its levels.

You collected 268 gold pieces.

Inventory:

Hand Weapons
 a - a +0 mace (weapon)
Armour
 b - a +2 animal skin (melded)
Magical Staves
 o - an uncursed staff of death
Jewellery
 r - an amulet of the gourmand (around neck)
 s - a +1 ring of slaying (left branch)
Wands
 u - a wand of random effects (23)
 y - a wand of fire (8)
Scrolls
 e - 2 scrolls of enchant armour
 f - 2 scrolls of immolation
 g - 4 scrolls of magic mapping
 i - 2 scrolls of fog
 j - 2 scrolls of teleportation
 m - a scroll of blinking {unknown}
 v - a scroll of remove curse {unknown}
 x - a scroll of recharging {unknown}
Potions
 k - 2 potions of cure mutation
 t - a potion of mutation {unknown}
 w - a potion of heal wounds {unknown}
Comestibles
 c - 3 bread rations
 d - 2 beef jerkies
 l - 3 meat rations
 n - 7 fruits
 p - 4 royal jellies
 q - a slice of pizza


   Skills:
 + Level 9.5 Fighting
 + Level 11.2 Maces & Flails
 - Level 2.6 Dodging


You had 7 spell levels left.
You didn't know any spells.

Dungeon Overview and Level Annotations

Branches:
Dungeon (6/15)
 Temple: D:4-7

Altars:
Cheibriados
Makhleb
Ru


Innate Abilities, Weirdness & Mutations

You are too large for most types of armour.
((You have tough skin (AC +1).))


Message History

The jelly is heavily wounded.
The jelly hits you but does no damage.
You hit the jelly but do no damage.
Your branches burn!
* * * LOW HITPOINT WARNING * * *
The jelly is heavily wounded.
The jelly hits you.
* * * LOW HITPOINT WARNING * * *
You are splashed with acid!
The acid corrodes you!
The acid burns!
* * * LOW HITPOINT WARNING * * *
Your skin crawls.
You feel resistant to hostile enchantments.
You feel slightly less full. The jelly hits you but does no damage.
The jelly hits you but does no damage.
You hit the jelly.
Your branches burn!
* * * LOW HITPOINT WARNING * * *
The jelly is heavily wounded.
The jelly hits you but does no damage.
An adder comes into view.
You hit the jelly but do no damage.
Your branches burn!
You die...

#......(.#...##
#.....#(##.S..
#....
#.†#..###.#
#... ##.#......
#.. #.)..# #.
#....# # #.Z..#
##J#.# #♣#.#
#.#.# #.#.#
#...# ##..#
######..##
.........#
.........#
.........####


You could see a jelly, an adder and a hound skeleton.

Vanquished Creatures
  The ghost of Breadlance the Covered, a novice HOFi of Okawaru (D:5)
  2 ice beasts (D:5)
  An orc warrior (D:6)
  A centaur (D:6)
  A sky beast (D:5)
  The ghost of Arantyr the Shooter, an amateur HEHu (D:3)
  A scorpion (D:4)
  3 wights (D:4)
  3 killer bees (D:4)
  An orc wizard (D:6)
  3 hounds
  An iguana (D:5)
  A worker ant (D:4)
  5 adders
  2 adder skeletons (D:5)
  5 worms
  2 giant geckos
  8 orcs
  12 bats
  2 giant cockroaches
  4 hobgoblins
  4 jackals (D:6)
  4 quokkas
  3 ball pythons
  4 giant newts
  9 goblins
  6 kobolds
  8 rats
98 creatures vanquished.

Notes
Turn   | Place    | Note
--------------------------------------------------------------
     0 | D:1      | manyhoops the Ogre Berserker began the quest for the Orb.
     0 | D:1      | Reached XP level 1. HP: 24/24 MP: 1/1
   246 | D:1      | Reached XP level 2. HP: 30/32 MP: 2/2
   763 | D:2      | Reached XP level 3. HP: 30/40 MP: 3/3
   783 | D:2      | Reached ** piety under Trog
   896 | D:2      | Reached skill level 5 in Maces & Flails
  1064 | D:2      | Reached skill level 5 in Fighting
  1338 | D:3      | Reached XP level 4. HP: 47/50 MP: 4/4
  1493 | D:3      | Noticed Arantyr's ghost (amateur HEHu)
  1521 | D:3      | Killed Arantyr's ghost
  1521 | D:3      | Reached skill level 6 in Maces & Flails
  1521 | D:3      | Reached XP level 5. HP: 34/59 MP: 5/5
  2756 | D:4      | Reached skill level 7 in Maces & Flails
  2756 | D:4      | Reached XP level 6. HP: 44/68 MP: 6/6
  2766 | D:4      | Reached *** piety under Trog
  2777 | D:4      | HP: 3/68 [poisoned by a killer bee]
  2978 | D:4      | Reached skill level 8 in Maces & Flails
  2981 | D:4      | Reached XP level 7. HP: 52/78 MP: 7/7
  3398 | D:5      | Entered Level 5 of the Dungeon
  3475 | D:5      | Found a sacrificial altar of Ru.
  3516 | D:5      | Found a burning altar of Makhleb.
  3685 | D:5      | Noticed Breadlance's ghost (novice HOFi)
  3732 | D:5      | Killed Breadlance's ghost
  3732 | D:5      | Reached skill level 10 in Maces & Flails
  3732 | D:5      | Reached XP level 8. HP: 86/89 MP: 8/8
  4142 | D:5      | Found a snail-covered altar of Cheibriados.
  4334 | D:6      | Reached skill level 11 in Maces & Flails
  4732 | D:6      | HP: 1/138 [acid (7)]
  4735 | D:6      | Splashed by a jelly's acid

Action                   |  1- 3 |  4- 6 |  7- 9 || total
-------------------------+-------+-------+-------++-------
Melee: Mace              |   126 |   113 |   140 ||   379
Invok: Berserk           |       |     5 |     2 ||     7
       Trog's Hand       |       |     1 |     1 ||     2
Evoke: Wand              |       |       |     1 ||     1
  Use: Scroll            |     4 |     7 |       ||    11
       Potion            |       |     3 |     1 ||     4
 Stab: Sleeping          |     1 |       |       ||     1
       Paralysed         |       |       |    11 ||    11
  Eat: Chunk             |     1 |     9 |     8 ||    18
       Meat ration       |       |     1 |       ||     1
       Bread ration      |       |     1 |       ||     1
